 Dungeon Crawl Stone Soup version 0.20.1-1-g8b1a95d (webtiles) character file.

672 wojtek the Chopper (level 7, -10/63 HPs)
             Began as a Minotaur Fighter on Dec 25, 2017.
             Was an Initiate of Makhleb.
             Mangled by an orc warrior
             ... wielding a +0 hand axe
              (14 damage)
             ... on level 6 of the Dungeon.
             The game lasted 00:04:49 (5055 turns).

wojtek the Chopper (Minotaur Fighter)               Turns: 5055, Time: 00:04:49

Health: -10/63     AC:  7    Str: 22    XL:     7   Next: 32%
Magic:  6/6        EV:  7    Int:  5    God:    Makhleb [......]
Gold:   309        SH:  9    Dex: 10    Spells: 6/6 levels left

rFire    . . .     SeeInvis .   a - +0 war axe
rCold    . . .     Gourm    .   c - +0 shield
rNeg     . . .     Faith    .   b - +0 scale mail
rPois    .         Spirit   .   (helmet restricted)
rElec    .         Reflect  .   (no cloak)
rCorr    .         Harm     .   (no gloves)
MR       .....                  (no boots)
Stlth    ..........             (no amulet)
Regen    0.2/turn               (no ring)
MPRegen  0.1/turn               (no ring)

@: no status effects
A: retaliatory headbutt, horns 2
a: Renounce Religion


You were on level 6 of the Dungeon.
You worshipped Makhleb.
Makhleb was noncommittal.
You were not hungry.

You visited 2 branches of the dungeon, and saw 7 of its levels.

You collected 309 gold pieces.

Inventory:

Hand Weapons
 a - a +0 war axe (weapon)
Armour
 b - a +0 scale mail (worn)
 c - a +0 shield (worn)
Jewellery
 k - a +3 ring of dexterity {unknown}
 t - a +4 amulet of reflection {unknown}
 y - a cursed -2 ring of protection {unknown}
 z - an uncursed amulet of rage {unknown}
Wands
 H - a wand of random effects (26/48)
Scrolls
 j - a scroll of enchant weapon {unknown}
 l - 8 scrolls of identify {unknown}
 m - a scroll of fear {unknown}
 n - 3 scrolls of recharging {unknown}
 o - 5 scrolls of remove curse {unknown}
 r - 2 scrolls of teleportation {unknown}
 u - 2 scrolls of fog {unknown}
 C - a scroll of amnesia {unknown}
 G - a scroll of enchant armour {unknown}
 J - a scroll of brand weapon {unknown}
Potions
 d - a potion of might
 e - 2 potions of magic {unknown}
 g - 2 potions of ambrosia {unknown}
 h - a potion of brilliance {unknown}
 i - 5 potions of curing
 p - 2 potions of flight {unknown}
 v - a potion of haste {unknown}
 x - a potion of degeneration {unknown}
 B - a potion of resistance {unknown}
 D - a potion of agility
 E - a potion of berserk rage {unknown}
 F - a potion of heal wounds {unknown}
 I - a potion of mutation {unknown}
Books
 A - a book of Misfortune

   Spells                             Type                      Level
   a - Confusing Touch                Hexes                        1
   b - Confuse                        Hexes                        3
   c - Gell's Gravitas                Translocation                3
   d - Petrify                        Transmutation/Earth          4
   e - Metabolic Englaciation         Hexes/Ice                    5
   f - Yara's Violent Unravelling     Hexes/Transmutation          5
Comestibles
 f - 4 bread rations
 q - 3 meat rations
 s - 4 royal jellies
 w - 3 fruits
 K - 4 chunks of flesh


   Skills:
 + Level 6.1 Fighting
 * Level 7.2 Axes
 + Level 5.9 Armour
 - Level 3.6 Shields


You had 6 spell levels left.
You didn't know any spells.

Dungeon Overview and Level Annotations

Branches:
Dungeon (6/15)             Temple (1/1) D:5

Altars:
Ashenzari
Cheibriados
Dithmenos
Elyvilon
Fedhas
Gozag
Hepliaklqana
Kikubaaqudgha
Makhleb
Nemelex Xobeh
Qazlal
Ru
Sif Muna
Trog
Uskayaw
Xom
Yredelemnul
Zin
The Shining One

Annotations:
D:5 1 runed door


Innate Abilities, Weirdness & Mutations

You reflexively headbutt those who attack you in melee.
You have a pair of horns on your head.


Message History

The orc warrior hits you with a hand axe.
* * * LOW HITPOINT WARNING * * *
You hit the orc warrior but do no damage.
Your headbutt misses the orc warrior.
The orc warrior is moderately wounded.
The orc warrior hits you with a hand axe!
* * * LOW HITPOINT WARNING * * *
Some of the chunks of flesh in your inventory have rotted away.
There is a stone staircase leading up here.
Found a rapier.
Evoke which item? (* to show all) (? for menu, Esc to quit)
Aiming: Random Effects (will waste charges)
Press: ? - help, Shift-Dir - straight line, f - orc warrior
Aim: an orc warrior, wielding a hand axe and wearing a chain mail (moderately wounded)
The orc warrior appears confused.
Evoking this partially-identified wand wasted a few charges.
You hit the orc warrior but do no damage.
The orc warrior is moderately wounded.
The orc warrior hits you with a hand axe!
You die...

##### ...# #####
#).. ...#
#%.#######o########
#..#.<.....@......#
##..#.#####.######.#
#.....# #)# #.).###
#.# #.).# #.# #...#
#.# #...# #.# .....
#.# ##....


You could see an orc warrior (confused).

Vanquished Creatures
  The ghost of Hylith the Skirmisher, an amateur HOFi (D:3)
  A scorpion (D:5)
  A crimson imp (D:5)
  An orc priest (D:5)
  A gnoll shaman (D:5)
  3 orc wizards
  A bullfrog skeleton (D:4)
  A worker ant (D:5)
  9 gnolls
  6 adders
  3 oozes
  2 worms
  5 dart slugs
  2 leopard geckos
  9 orcs
  A ball python (D:4)
  7 bats
  3 giant cockroaches
  6 hobgoblins
  4 jackals (D:2)
  2 quokkas
  5 frilled lizards
  11 goblins
  7 kobolds
  A leopard gecko zombie (D:5)
  2 rats (D:2)
95 creatures vanquished.

Notes
Turn   | Place    | Note
-------+----------+-------------------------------------------
     0 | D:1      | wojtek the Minotaur Fighter began the quest for the Orb.
     0 | D:1      | Reached XP level 1. HP: 19/19 MP: 0/0
   246 | D:1      | You fall through a shaft!
   385 | D:1      | Reached skill level 3 in Axes
   385 | D:1      | Reached XP level 2. HP: 27/27 MP: 1/1
   710 | D:2      | Reached XP level 3. HP: 13/33 MP: 2/2
   993 | D:2      | Found a bloodstained altar of Trog.
  1187 | D:2      | Reached skill level 4 in Axes
  1330 | D:2      | Reached XP level 4. HP: 26/41 MP: 3/3
  1575 | D:2      | Found a glowing golden altar of the Shining One.
  1576 | D:2      | Found a snail-covered altar of Cheibriados.
  1766 | D:3      | Found a hide-covered altar of Uskayaw.
  1991 | D:3      | Found a basalt altar of Yredelemnul.
  2180 | D:3      | Noticed Hylith's ghost (amateur HOFi)
  2196 | D:3      | Killed Hylith's ghost
  2196 | D:3      | Reached skill level 5 in Fighting
  2196 | D:3      | Reached skill level 5 in Axes
  2196 | D:3      | Reached skill level 5 in Armour
  2196 | D:3      | Reached XP level 5. HP: 7/48 MP: 4/4
  2669 | D:3      | Reached XP level 6. HP: 54/56 MP: 5/5
  3303 | D:4      | Reached skill level 6 in Axes
  3437 | D:4      | Found a deep blue altar of Sif Muna.
  3440 | D:4      | Found a stormy altar of Qazlal.
  3443 | D:4      | Found a blossoming altar of Fedhas.
  3462 | D:5      | Entered Level 5 of the Dungeon
  3480 | D:5      | Found a staircase to the Ecumenical Temple.
  3509 | D:5      | Found a shattered altar of Ashenzari.
  3567 | Temple   | Entered the Ecumenical Temple
  3738 | Temple   | Became a worshipper of Makhleb the Destroyer
  3976 | D:5      | Reached XP level 7. HP: 43/62 MP: 6/6
  4381 | D:5      | Found a white marble altar of Elyvilon.
  4549 | D:5      | Found a runed door.
  4827 | D:5      | Reached skill level 7 in Axes
  5038 | D:6      | HP: 1/63 [orc warrior/hand axe (8)]
  5055 | D:6      | Mangled by an orc warrior

Skill      XL: |  1  2  3  4  5  6  7 |
---------------+----------------------+-----
Axes           | 3 4 5 6 7 |  7.2
Fighting       | 4 5 6 |  6.1
Armour         | 4 5 |  5.9
Shields        | |  3.6

Action                   |  1- 3 |  4- 6 |  7- 9 || total
-------------------------+-------+-------+-------++-------
Melee: War axe           |    74 |   118 |    33 ||   225
       Headbutt          |    12 |    24 |     4 ||    40
Evoke: Wand              |       |       |     1 ||     1
  Use: Potion            |       |       |     1 ||     1
  Eat: Chunk             |     1 |     8 |     4 ||    13
Armor: Scale mail        |    32 |    27 |    15 ||    74
Dodge: Dodged            |    19 |    45 |     6 ||    70
Block: Shield            |    35 |    50 |    14 ||    99
